 Dungeon Crawl Stone Soup version 0.29.1-12-g30fa7ad0bf (webtiles) character file.

Game seed: 17060504580260046391

1138 xzight the Shield-Bearer (level 8, 0/64 (67) HPs)
             Began as a Gnoll Fighter on Dec 29, 2022.
             Slain by a wight
             ... wielding a +6 hand axe
              (12 damage)
             ... on level 6 of the Dungeon.
             The game lasted 00:06:12 (5989 turns).

xzight the Shield-Bearer (Gnoll Fighter)            Turns: 5989, Time: 00:06:13

HP:   0/64 (67)     AC: 12    Str: 17    XL:     8   Next: 37%
MP:   13/13         EV: 10    Int:  9    God:
Gold: 256           SH:  5    Dex: 11    Spells: 13/13 levels left

rFire   . . .      SeeInvis .   a - +0 trident
rCold   . . .      Faith    .   c - +0 buckler
rNeg    . . .      Spirit   .   b - +0 scale mail
rPois   .          Reflect  .   (no helmet)
rElec   .          Harm     .   (no cloak)
rCorr   .          Rampage  .   D - +0 pair of gloves
Will    +....                   o - +2 pair of boots
Stlth   +.........              (no amulet)
HPRegen 0.20/turn               W - ring of willpower
MPRegen 0.13/turn               (no ring)

@: lightly drained
A: fangs 1, strong nose, distributed training
a: no special abilities


You were on level 6 of the Dungeon.
You visited 2 branches of the dungeon, and saw 7 of its levels.

You collected 256 gold pieces.


Innate Abilities, Weirdness & Mutations

You have very sharp teeth.
Your uncanny sense of smell can sniff out nearby items.
Your experience applies equally to all skills.


   Skills:
 + Level 7.4 Fighting
 + Level 3.3 Short Blades
 + Level 3.3 Long Blades
 + Level 3.3 Axes
 + Level 3.3 Maces & Flails
 + Level 5.7 Polearms
 + Level 3.3 Staves
 + Level 3.3 Ranged Weapons
 + Level 3.3 Throwing
 + Level 7.4 Armour
 + Level 3.3 Dodging
 + Level 3.3 Stealth
 + Level 7.4 Shields
 + Level 3.3 Unarmed Combat
 + Level 3.3 Spellcasting
 + Level 2.7 Conjurations
 + Level 2.7 Hexes
 + Level 2.7 Summonings
 + Level 2.7 Necromancy
 + Level 2.7 Translocations
 + Level 2.7 Transmutations
 + Level 2.7 Fire Magic
 + Level 2.7 Ice Magic
 + Level 2.7 Air Magic
 + Level 2.7 Earth Magic
 + Level 2.7 Poison Magic
 + Level 3.6 Invocations
 + Level 3.3 Evocations


You had 13 spell levels left.
You didn't know any spells.
Your spell library contained the following spells:

 Spells                   Type           Power      Damage    Failure   Level
 Magic Dart               Conj           24%        1d4       34%         1
 Slow                     Hex            24%        N/A       34%         1
 Call Imp                 Summ           6%         N/A       47%         2
 Ensorcelled Hibernation  Hex/Ice        12%        N/A       47%         2
 Mephitic Cloud           Conj/Pois/Air  6%         N/A       71%         3
 Tukima's Dance           Hex            6%         N/A       71%         3
 Leda's Liquefaction      Hex/Erth       3%         N/A       98%         4
 Lee's Rapid Deconstruct  Erth           3%         3d6*      100%        5
 Statue Form              Tmut/Erth      4%         N/A       100%        6

Inventory:

Hand Weapons
 a - a +0 trident (weapon)
Missiles
 s - 3 javelins (quivered)
 t - 2 silver boomerangs
Armour
 b - a +0 scale mail (worn)
 c - a +0 buckler (worn)
 o - a +2 pair of boots (worn)
 D - a +0 pair of gloves (worn)
Jewellery
 W - a ring of willpower (left hand)
Wands
 y - a wand of paralysis (8)
Scrolls
 d - a scroll of fog {unknown}
 f - a scroll of blinking {unknown}
 g - a scroll of poison
 i - 5 scrolls of teleportation {@r2}
 k - a scroll of fear {unknown}
 l - 6 scrolls of identify {@r1}
 m - a scroll of enchant armour
 q - a scroll of magic mapping {unknown}
 w - a scroll of acquirement {unknown}
 x - a scroll of amnesia {unknown}
 A - a scroll of brand weapon {unknown}
 B - a scroll of summoning {unknown}
 C - a scroll of torment {unknown}
Potions
 e - 5 potions of curing {@q1}
 h - a potion of attraction {unknown}
 j - a potion of resistance {unknown}
 n - a potion of heal wounds {unknown}
 p - a potion of degeneration {unknown}
 r - a potion of lignification {unknown}
 u - a potion of haste {unknown}
 v - 2 potions of mutation
 z - a potion of magic {unknown}
 E - a potion of flight {unknown}

Dungeon Overview and Level Annotations

Branches:
Dungeon (6/15)             Temple (1/1) D:5

Altars:
Ashenzari
Dithmenos
Elyvilon
Fedhas
Gozag
Hepliaklqana
Kikubaaqudgha
Makhleb
Ru
Sif Muna
Wu Jian
The Shining One

Shops:
D:4

* ### ..#
∆ #z# #.#
#z# ∆ #z#
#######@#
#.......#
#.#######
#.# #.#
#.# #.#
#.# #.#


You could see 3 wights.


Message History

You are too injured to fight recklessly!
You puncture the ogre!
You kill the ogre!
You see here a +0 giant spiked club.
You start resting.
A wight comes into view. It is wielding a +6 hand axe.
You see here a +0 giant spiked club.
You are too injured to fight recklessly!
You are too injured to fight recklessly!
You are too injured to fight recklessly!
A wight comes into view. It is wielding a +0 long sword.
The wight moves out of view.
A wight comes into view.
It is wielding a +4 dire flail of freezing.
You puncture the wight!
The wight is moderately damaged.
The wight hits you with a +6 hand axe.
* * * LOW HITPOINT WARNING * * *
You feel drained.
* * * LOW HITPOINT WARNING * * *
You closely miss the wight.
The wight is moderately damaged.
The wight hits you with a +6 hand axe!
* * * LOW HITPOINT WARNING * * *
You feel drained.
* * * LOW HITPOINT WARNING * * *
The wight closely misses you.
You hit the wight but do no damage.
The wight is moderately damaged.
The wight hits you with a +6 hand axe!
You die...

Skill      XL: |  1  2  3  4  5  6  7 |
---------------+----------------------+-----
Invocations    | 1 2 3 |  3.6
Short Blades   | 1 2 3 |  3.3
Long Blades    | 1 2 3 |  3.3
Axes           | 1 2 3 |  3.3
Maces & Flails | 1 2 3 |  3.3
Staves         | 1 2 3 |  3.3
Ranged Weapons | 1 2 3 |  3.3
Throwing       | 1 2 3 |  3.3
Dodging        | 1 2 3 |  3.3
Stealth        | 1 2 3 |  3.3
Unarmed Combat | 1 2 3 |  3.3
Spellcasting   | 1 2 3 |  3.3
Evocations     | 1 2 3 |  3.3
Conjurations   | 1 2 |  2.7
Hexes          | 1 2 |  2.7
Summonings     | 1 2 |  2.7
Necromancy     | 1 2 |  2.7
Translocations | 1 2 |  2.7
Transmutations | 1 2 |  2.7
Fire Magic     | 1 2 |  2.7
Ice Magic      | 1 2 |  2.7
Air Magic      | 1 2 |  2.7
Earth Magic    | 1 2 |  2.7
Poison Magic   | 1 2 |  2.7
Polearms       | 5 |  5.7
Fighting       | 7 |  7.4
Armour         | 7 |  7.4
Shields        | 7 |  7.4

Action                   |  1- 3 |  4- 6 |  7- 9 || total
-------------------------+-------+-------+-------++-------
Melee: Trident           |   117 |   131 |   215 ||   463
       Bite              |     9 |    12 |    14 ||    35
  Use: Scroll            |       |     5 |       ||     5
       Potion            |       |     1 |       ||     1
Armor: Scale mail        |    33 |    79 |    99 ||   211
Dodge: Dodged            |    24 |    53 |    88 ||   165
Block: Buckler           |    30 |    24 |    56 ||   110

Levels and vault maps discovered:
D:1:      arrival_zaba_pyramid, layout_basic, serial_corexii_hall,
          chequers_hall_statues_y, chequers_hall_statues_wall_a,
          corexii_hall_statues_u, corexii_hall_statues_x
D:2:      layout_loops_ring
D:3:      layout_basic, mainiacjoe_overflow_brackets,
          mainiacjoe_overflow_alcove_2, kennysheep_generic_room_12
D:4:      layout_gridville, nicolae_overflow_crystal_walls,
          general_overflow_altar, nicolae_shop_overcharged_wands
D:5:      layout_cave_pods, mainiacjoe_overflow_surrounded_room,
          minmay_temple_entry_wispy
D:6:      layout_basic, nicolae_ashenzari_panopticon,
          cheibrodos_sewer_entry_sluice, minmay_lizard_king
Temple:   hellmonk_temple_beads

Notes
Turn   | Place    | Note
-------+----------+-------------------------------------------
     0 | D:1      | xzight the Gnoll Fighter began the quest for the Orb.
     0 | D:1      | Reached XP level 1. HP: 23/23 MP: 1/1
    93 | D:1      | Reached XP level 2. HP: 23/29 MP: 2/2
   459 | D:1      | Reached XP level 3. HP: 31/35 MP: 3/3
   985 | D:2      | Reached skill level 1 in Invocations
  1249 | D:2      | Reached skill level 1 in Short Blades
  1249 | D:2      | Reached skill level 1 in Long Blades
  1249 | D:2      | Reached skill level 1 in Axes
  1249 | D:2      | Reached skill level 1 in Maces & Flails
  1249 | D:2      | Reached skill level 1 in Staves
  1249 | D:2      | Reached skill level 1 in Ranged Weapons
  1249 | D:2      | Reached skill level 1 in Throwing
  1249 | D:2      | Reached skill level 1 in Dodging
  1249 | D:2      | Reached skill level 1 in Stealth
  1249 | D:2      | Reached skill level 1 in Unarmed Combat
  1249 | D:2      | Reached skill level 1 in Spellcasting
  1249 | D:2      | Reached skill level 1 in Evocations
  1506 | D:2      | Got the Octavo of Hexes
  1882 | D:3      | Reached XP level 4. HP: 41/41 MP: 5/5
  2045 | D:3      | Found an ornate altar of the Wu Jian Council.
  2089 | D:3      | Found a shimmering blue altar of Sif Muna.
  2398 | D:4      | Noticed an ogre
  2545 | D:4      | Noticed a scorpion
  2555 | D:4      | Killed a scorpion
  2556 | D:4      | Reached skill level 1 in Conjurations
  2556 | D:4      | Reached skill level 1 in Hexes
  2556 | D:4      | Reached skill level 1 in Summonings
  2556 | D:4      | Reached skill level 1 in Necromancy
  2556 | D:4      | Reached skill level 1 in Translocations
  2556 | D:4      | Reached skill level 1 in Transmutations
  2556 | D:4      | Reached skill level 1 in Fire Magic
  2556 | D:4      | Reached skill level 1 in Ice Magic
  2556 | D:4      | Reached skill level 1 in Air Magic
  2556 | D:4      | Reached skill level 1 in Earth Magic
  2556 | D:4      | Reached skill level 1 in Poison Magic
  2556 | D:4      | Reached XP level 5. HP: 37/47 MP: 5/7
  2658 | D:4      | Found Seroe's Overcharged Wands.
  2683 | D:4      | Reached skill level 2 in Invocations
  2794 | D:4      | Killed an ogre
  2795 | D:4      | Reached skill level 2 in Short Blades
  2795 | D:4      | Reached skill level 2 in Long Blades
  2795 | D:4      | Reached skill level 2 in Axes
  2795 | D:4      | Reached skill level 2 in Maces & Flails
  2795 | D:4      | Reached skill level 5 in Polearms
  2795 | D:4      | Reached skill level 2 in Staves
  2795 | D:4      | Reached skill level 2 in Ranged Weapons
  2795 | D:4      | Reached skill level 2 in Throwing
  2795 | D:4      | Reached skill level 2 in Dodging
  2795 | D:4      | Reached skill level 2 in Stealth
  2795 | D:4      | Reached skill level 2 in Unarmed Combat
  2795 | D:4      | Reached skill level 2 in Spellcasting
  2795 | D:4      | Reached skill level 2 in Evocations
  2795 | D:4      | Reached XP level 6. HP: 53/53 MP: 7/9
  3133 | D:4      | Found a hazy altar of Hepliaklqana.
  3643 | D:4      | Found a shadowy altar of Dithmenos.
  3904 | D:5      | Entered Level 5 of the Dungeon
  3916 | D:5      | Reached skill level 7 in Fighting
  3916 | D:5      | Reached skill level 7 in Armour
  3916 | D:5      | Reached skill level 7 in Shields
  3916 | D:5      | Reached XP level 7. HP: 58/60 MP: 10/10
  4050 | D:5      | Found a glowing golden altar of the Shining One.
  4100 | D:5      | Reached skill level 2 in Conjurations
  4100 | D:5      | Reached skill level 2 in Hexes
  4100 | D:5      | Reached skill level 2 in Summonings
  4100 | D:5      | Reached skill level 2 in Necromancy
  4100 | D:5      | Reached skill level 2 in Translocations
  4100 | D:5      | Reached skill level 2 in Transmutations
  4100 | D:5      | Reached skill level 2 in Fire Magic
  4100 | D:5      | Reached skill level 2 in Ice Magic
  4100 | D:5      | Reached skill level 2 in Air Magic
  4100 | D:5      | Reached skill level 2 in Earth Magic
  4100 | D:5      | Reached skill level 2 in Poison Magic
  4423 | D:5      | Reached skill level 3 in Invocations
  5163 | D:5      | Found a staircase to the Ecumenical Temple.
  5212 | Temple   | Entered the Ecumenical Temple
  5357 | D:6      | Reached skill level 3 in Short Blades
  5357 | D:6      | Reached skill level 3 in Long Blades
  5357 | D:6      | Reached skill level 3 in Axes
  5357 | D:6      | Reached skill level 3 in Maces & Flails
  5357 | D:6      | Reached skill level 3 in Staves
  5357 | D:6      | Reached skill level 3 in Ranged Weapons
  5357 | D:6      | Reached skill level 3 in Throwing
  5357 | D:6      | Reached skill level 3 in Dodging
  5357 | D:6      | Reached skill level 3 in Stealth
  5357 | D:6      | Reached skill level 3 in Unarmed Combat
  5357 | D:6      | Reached skill level 3 in Spellcasting
  5357 | D:6      | Reached skill level 3 in Evocations
  5357 | D:6      | Reached XP level 8. HP: 58/67 MP: 12/12
  5403 | D:6      | Found a broken altar of Ashenzari.
  5989 | D:6      | Slain by a wight

Vanquished Creatures
  2 ogres
  A centaur (D:5)
  A kobold brigand (D:6)
  5 scorpions
  3 killer bees (D:5)
  A hound (D:5)
  A jelly (D:5)
  An orc priest (D:5)
  3 iguanas
  3 orc wizards
  6 adders
  4 worms
  10 orcs
  11 ball pythons
  5 endoplasms
  3 giant cockroaches
  5 goblins
  3 hobgoblins
  2 jackals (D:2)
  3 quokkas
  6 bats
  7 frilled lizards
  20 kobolds
  4 rats
110 creatures vanquished.

Vanquished Creatures (others)
  4 plants (D:6)
4 creatures vanquished.

Grand Total: 114 creatures vanquished

Table legend: (Time is in decaauts)
 A = Elapsed time spent in this place.
 B = Non-inter-level travel time spent in this place.
 C = Inter-level travel time spent in this place.
 D = Time resting spent in this place.
 E = Time spent auto-exploring this place.
 F = Levels seen in this place.
 G = Mean time per level.
                   A        B        C        D        E       F      G
               +--------+--------+--------+--------+--------+-----+--------+
         Total |   6029 |   5805 |    224 |    814 |   4022 |   7 |  861.3 |
       Dungeon |   5916 |   5696 |    220 |    814 |   3929 |   6 |  986.0 |
        Temple |    112 |    108 |      4 |      0 |     93 |   1 |  112.0 |
               +--------+--------+--------+--------+--------+-----+--------+

Top non-repeatable levels by time:
     D:5: 1654 daAuts
     D:4: 1405 daAuts
     D:2: 936 daAuts
     D:1: 913 daAuts
     D:3: 673 daAuts
     D:6: 332 daAuts
  Temple: 112 daAuts

Table legend:
 A = Non-vault XP
 B = Vault XP
 C = Vault XP percentage of total XP
 D = Non-vault monster count
 E = Vault monster count
 F = Vault count percentage of total count
                 A         B        C        D         E       F
            +---------+---------+-------+---------+---------+-------
      Total |    1583 |      43 |   2.6 |     102 |       8 |   7.3
            +---------+---------+-------+---------+---------+-------
        D:1 |      45 |       0 |   0.0 |      28 |       0 |   0.0
        D:2 |      35 |       0 |   0.0 |      16 |       0 |   0.0
        D:3 |       6 |       2 |  25.0 |       4 |       1 |  20.0
        D:4 |     466 |       0 |   0.0 |      25 |       0 |   0.0
        D:5 |     769 |       0 |   0.0 |      19 |       0 |   0.0
        D:6 |     262 |      41 |  13.5 |      10 |       7 |  41.2
            +---------+---------+-------+---------+---------+-------
